 Dungeon Crawl Stone Soup version 0.31.0-11-ge490571c62 (webtiles) character file.

Game seed: 5958612265153604409

79 qw the Shooter (level 4, 0/25 HPs)
             Began as a Deep Elf Hunter on Feb 5, 2024.
             Succumbed to an adder's poison
             ... on level 3 of the Dungeon.
             The game lasted 00:00:28 (2033 turns).

qw the Shooter (Deep Elf Hunter)                    Turns: 2033, Time: 00:00:29

Health: 0/25       AC:  6    Str: 10    XL:     4   Next: 17%
Magic:  6/6        EV:  9    Int: 14    God:
Gold:   41         SH:  0    Dex: 18    Spells: 3/3 levels left

rFire   . . .        a - +1 shortbow
rCold   . . .        (shield currently unavailable)
rNeg    . . .        h - +0 scale mail
rPois   .            (no helmet)
rElec   .            (no cloak)
rCorr   .            (no gloves)
SInv    .            (no boots)
Will    .....        (no amulet)
Stlth   +            (no ring)
HPRegen 0.24/turn    (no ring)
MPRegen 0.10/turn

%: no passive effects
@: lethally poisoned (0 -> -4)
A: no striking features
a: no special abilities


You were on level 3 of the Dungeon.
You visited 1 branch of the dungeon, and saw 3 of its levels.

You collected 104 gold pieces.
You spent 63 gold pieces at shops.


   Skills:
 - Level 1.5 Fighting
 + Level 7.6 Ranged Weapons
 - Level 2.4 Dodging
 - Level 1.2 Stealth


You had 3 spell levels left.
You didn't know any spells.
Your spell library was empty.

Inventory:

Hand Weapons
 a - a +1 shortbow (weapon)
Armour
 c - a +0 helmet
 h - a +0 scale mail (worn)
Jewellery
 b - a ring of flight
Scrolls
 d - a scroll of acquirement {unknown}
 e - a scroll of identify
 g - a scroll of noise {unknown}
Potions
 f - a potion of might {unknown}

Dungeon Overview and Level Annotations

Branches:
Dungeon (3/15)

Altars:

Shops:
D:3 [


Message History

You kill the hobgoblin!
The adder barely misses you.
You shoot an arrow. The arrow closely misses the adder.
The adder bites you. The adder bites you but does no damage.
You shoot an arrow. The arrow hits the adder.
The adder is heavily wounded.
The adder bites you.
You are poisoned.
The adder poisons you!
You shoot an arrow. The arrow closely misses the adder.
You feel sick. The adder barely misses you. x2
You shoot an arrow. The arrow closely misses the adder.
You feel sick. The adder misses you. The adder bites you but does no damage.
You shoot an arrow. The arrow barely misses the adder.
You feel sick. The adder bites you. The adder bites you but does no damage.
You shoot an arrow. The arrow completely misses the adder.
You feel sick. The adder closely misses you.
You shoot an arrow.
The arrow hits the adder but does no damage.
The adder is heavily wounded.
You feel sick.
You are no longer poisoned.
The adder bites you but does no damage. The adder barely misses you.
You shoot an arrow. The arrow closely misses the adder.
The adder bites you but does no damage. The adder barely misses you.
You shoot an arrow. The arrow barely misses the adder.
The adder bites you.
You are poisoned.
The adder poisons you! The adder bites you.
You are lethally poisoned!
The adder poisons you!
You shoot an arrow. The arrow hits the adder!
You kill the adder!
You feel very sick.
There is a lethal amount of poison in your body!
You feel sick.
There is a lethal amount of poison in your body!
You feel sick.
There is a lethal amount of poison in your body!
You die...

###..?.....)....###
....####.###......
#..# #.# #.>.###
##..####.# #####
###+# #........#
#.....##..######
#."~..##.........
7~.'..######## #@.#
#..# #+###.##
#.....# #######


There were no monsters in sight!

Vanquished Creatures
  3 adders
  A dart slug (D:3)
  A ribbon worm (D:2)
  8 ball pythons
  8 endoplasms
  2 goblins (D:1)
  3 hobgoblins
  4 jackals (D:1)
  3 quokkas
  3 bats
  4 frilled lizards
  3 kobolds
  3 rats
46 creatures vanquished.

Notes
Turn   | Place    | Note
-------+----------+-------------------------------------------
     0 | D:1      | qw the Deep Elf Hunter began the quest for the Orb.
     0 | D:1      | Reached XP level 1. HP: 12/12 MP: 3/3
     0 | D:1      | 0 ||| qw: Version: 0.3-a-160-g6735b56
     0 | D:1      | 0 ||| qw: Game counter: 6209
     0 | D:1      | 0 ||| qw: Melee chars always use a shield: true
     0 | D:1      | 0 ||| qw: God list: Okawaru
     0 | D:1      | 0 ||| qw: Allow faded altars: false
     0 | D:1      | 0 ||| qw: Do Orc after clearing Dungeon:15 true
     0 | D:1      | 0 ||| qw: Do second Lair branch before Depths: true
     0 | D:1      | 0 ||| qw: Lair rune preference: random
     0 | D:1      | 0 ||| qw: Goals: Normal
     0 | D:1      | 0 ||| PLANNING D:1-11
    89 | D:1      | Reached XP level 2. HP: 16/16 MP: 4/4
   134 | D:1      | Reached skill level 6 in Ranged Weapons
   325 | D:1      | Reached XP level 3. HP: 20/20 MP: 5/5
   364 | D:1      | Found a faded altar of an unknown god.
   448 | D:1      | 448 ||| UPGRADING to +0 scale mail.
   458 | D:1      | 458 ||| DROPPING +0 leather armour.
   459 | D:1      | 459 ||| READING scroll labelled FIOCIH REOTSI.
   460 | D:1      | 460 ||| READING scroll labelled EWNO UN JOMEKK.
   460 | D:1      | 460 ||| IDENTIFYING glowing purple potion
   461 | D:1      | 461 ||| READING scroll labelled TIGGIC ZULIYH.
   461 | D:1      | 461 ||| ENCHANTING +0 shortbow.
   462 | D:1      | 462 ||| READING scroll labelled ZILAGEI LEXTAE.
   563 | D:1      | 563 ||| DRINKING 2 fuming puce potions.
   564 | D:1      | 564 ||| DROPPING scroll of butterflies.
   565 | D:1      | 565 ||| DROPPING potion of invisibility.
   630 | D:2      | HP: 5/20 [adder (1)]
   631 | D:2      | 631 ||| DRINKING potion of heal wounds.
   868 | D:2      | 868 ||| DROPPING +1 sling of draining.
   910 | D:2      | Reached skill level 7 in Ranged Weapons
  1580 | D:2      | 1580 ||| READING scroll labelled BIBOUV PUPSA.
  1581 | D:2      | 1581 ||| READING scroll labelled MOAGYH MOSK.
  1582 | D:2      | 1582 ||| READING scroll labelled QYGUJI RYOPEQ.
  1582 | D:2      | 1582 ||| ENCHANTING +0 shortbow.
  1583 | D:2      | 1583 ||| READING scroll labelled DAAHANOFYPT.
  1617 | D:3      | Found Fowocseu's Armour Shop.
  1624 | D:3      | 1624 ||| BUYING +0 helmet (63 gold).
  1624 | D:3      | Bought a +0 helmet for 63 gold pieces
  1624 | D:3      | 1624 ||| SHOPLISTING +0 ring mail (56 gold, have 21).
  1624 | D:3      | 1624 ||| SHOPLISTING +2 pair of gloves (231 gold, have 21).
  1624 | D:3      | 1624 ||| SHOPLISTING +3 ring mail of fire resistance (364
                  | gold, have 21).
  1890 | D:3      | Reached XP level 4. HP: 25/25 MP: 6/6
  1942 | D:3      | 1942 ||| FLEEEEING.
  1943 | D:3      | 1943 ||| FLEEEEING.
  1944 | D:3      | 1944 ||| FLEEEEING.
  2030 | D:3      | HP: 5/25 [poisoned by an adder]
  2032 | D:3      | HP: 1/25 [poisoned by an adder]
  2033 | D:3      | Succumbed to an adder's poison

Levels and vault maps discovered:
D:1:      wander_arrival_desolate, layout_rooms, basic_ecumenical_altar,
          minmay_misc_feat_columns, minmay_misc_feat_tower
D:2:      layout_basic
D:3:      layout_loops_ring, grunt_temple_overflow_magic_moments, serial_shops,
          shop, shop, kennysheep_generic_room_13

Skill      XL: |  1  2  3 |
---------------+----------+-----
Ranged Weapons | 6 7 |  7.6
Fighting       | |  1.5
Dodging        | |  2.4
Stealth        | |  1.2

Action                     |  1- 3 |  4- 6 || total
---------------------------+-------+-------++-------
   Fire: Shortbow          |   117 |    16 ||   133
    Use: Scroll            |     8 |       ||     8
         Potion            |     2 |       ||     2
 Armour: Leather armour    |     9 |       ||     9
         Scale mail        |    34 |    11 ||    45
  Dodge: Dodged            |    34 |     8 ||    42

Table legend:
 A = Non-vault XP
 B = Vault XP
 C = Vault XP percentage of total XP
 D = Non-vault monster count
 E = Vault monster count
 F = Vault count percentage of total count
                 A         B        C        D         E       F
            +---------+---------+-------+---------+---------+-------
      Total |      99 |      15 |  13.2 |      44 |       2 |   4.3
            +---------+---------+-------+---------+---------+-------
        D:1 |      41 |       0 |   0.0 |      24 |       0 |   0.0
        D:2 |      31 |       0 |   0.0 |      10 |       0 |   0.0
        D:3 |      27 |      15 |  35.7 |      10 |       2 |  16.7
            +---------+---------+-------+---------+---------+-------
